 Dungeon Crawl Stone Soup version 0.31-a0-1570-g93c622d222 (webtiles) character file.

Game seed: 7444730574725129936

465 voltaire321 the Conjurer (level 6, -1/47 HPs)
             Began as a Demonspawn Reaver on Jan 3, 2024.
             Slain by a hound (5 damage)
             ... on level 4 of the Dungeon.
             The game lasted 00:07:49 (3045 turns).

voltaire321 the Conjurer (Demonspawn Reaver)        Turns: 3045, Time: 00:07:50

Health: -1/47      AC:  9    Str: 14    XL:     6   Next: 80%
Magic:  10/10      EV: 11    Int: 13    God:
Gold:   227        SH:  4    Dex: 12    Spells: 8/11 levels left

rFire   . . .        e - +0 war axe
rCold   + . .        o - +0 buckler
rNeg    . . .        g - +1 leather armour {Will+}
rPois   .            (no helmet)
rElec   .            (no cloak)
rCorr   .            (no gloves)
SInv    .            d - +0 pair of boots
Will    +....        (no amulet)
Stlth   +            p - +4 ring of protection
HPRegen 0.27/turn    q - ring of protection from cold
MPRegen 0.12/turn

%: no passive effects
@: no status effects
A: demonic guardian 1, spiny 1, weakness stinger 1
a: no special abilities


You were on level 4 of the Dungeon.
You visited 1 branch of the dungeon, and saw 4 of its levels.

You collected 227 gold pieces.

Inventory:

Hand Weapons
 e - a +0 war axe (weapon)
Missiles
 r - a throwing net
Armour
 d - a +0 pair of boots (worn)
 g - a +1 leather armour of willpower (worn)
 o - a +0 buckler (worn)
Jewellery
 p - a +4 ring of protection (left hand)
 q - a ring of protection from cold (right hand)
Scrolls
 f - 2 scrolls of fog {unknown}
 i - 2 scrolls of noise {unknown}
 m - 2 scrolls of teleportation {unknown}
 s - a scroll of summoning {unknown}
Potions
 a - a potion of lignification {unknown}
 b - a potion of enlightenment {unknown}
 c - a potion of brilliance {unknown}
 h - 2 potions of curing {unknown}
 j - a potion of might {unknown}
 k - a potion of haste {unknown}
 l - a potion of attraction {unknown}
 n - a potion of cancellation {unknown}


   Skills:
 + Level 3.3 Fighting
 + Level 3.7 Axes
 + Level 1.6 Armour
 + Level 3.0 Dodging
 + Level 1.7 Shields
 + Level 3.1 Spellcasting
 + Level 4.0 Conjurations
 + Level 1.0 Translocations


You had 8 spell levels left.
You knew the following spells:

 Your Spells              Type           Power      Damage    Failure   Level
a - Kiss of Death         Conj/Necr      28%        2d7       17%         1
b - Momentum Strike       Conj/Tloc      16%        3d8       22%         2

Your spell library contained the following spells:

 Spells                   Type           Power      Damage    Failure   Level
 Hailstorm                Conj/Ice       7%         3d5       45%         3
 Inner Flame              Hex/Fire       2%         N/A       75%         3
 Irradiate                Conj/Alch      3%         3d12      99%         5
 Ignition                 Fire           1%         3d3       100%        8


Dungeon Overview and Level Annotations

Branches:
Dungeon (4/15)
 Temple: D:4-7

Altars:
Fedhas
Kikubaaqudgha
Xom


Innate Abilities, Weirdness & Mutations

A weak demonic guardian rushes to your aid.
You are partially covered in sharp spines.
You have a small tail.


Message History

The sleepcap barely misses you.
The hound bites your ufetubus but does no damage.
You closely miss the scorpion.
The scorpion is almost dead.
You hit the sleepcap.
You feel very sick.
Your ufetubus hits the scorpion.
The scorpion dies!
The hound barely misses your ufetubus.
Your ufetubus slips past the hound!
Your ufetubus hits the hound. x2; The sleepcap closely misses you.
Your Conjurations skill increases to level 4!
You hit the sleepcap.
The sleepcap is almost destroyed.
You feel sick. The sleepcap closely misses you.
Your ufetubus hits the sleepcap.
The sleepcap is destroyed!
The hound barely misses you.
Your Dodging skill increases to level 3!
Your Translocations skill increases to level 1!
You barely miss the hound.
The hound is moderately wounded.
You feel sick. The hound bites you.
* * * LOW HITPOINT WARNING * * *
Your ufetubus closely misses the hound. x2; The hound is struck by your spines.
The hound bites you.
* * * LOW HITPOINT WARNING * * *
You closely miss the hound.
The hound is heavily wounded.
You feel sick.
Your ufetubus hits the hound.
Your ufetubus barely misses the hound.
The hound misses your ufetubus.
Your ufetubus barely misses the hound.
Your ufetubus closely misses the hound.
The hound barely misses your ufetubus.
You closely miss the hound.
The hound is almost dead.
You feel sick.
You are no longer poisoned.
Your ufetubus barely misses the hound.
Your ufetubus closely misses the hound.
You block the hound's attack.
Your ufetubus barely misses the hound.
Your ufetubus hits the hound. The hound bites you.
You die...

#.....S.# .# #.
#.#####g# .# ## ###
[#####.##.#
.<.#.......<..#
.....##......#####
##.##.............. #
##...##...########..##
#.#..#5h#...# .....
#.#.#/#@#...# #..
....#......# #.
#.#)#.#.###.# #. ..#
#..#..#.# .# #.
....##...##.# .# #.
#..##.##..###.#### #.
#.......# #.....# #.
####..#####.....# #.
#....†.'.....# #.


You could see a hound (ally target) and a friendly ufetubus (summoned).

Vanquished Creatures
  A scorpion (D:4)
  4 crimson imps (D:3)
  A hound (D:4)
  7 gnolls
  2 adders
  A dart slug (D:2)
  4 bats
  6 endoplasms
  3 giant cockroaches
  6 goblins
  8 hobgoblins
  3 jackals (D:3)
  4 quokkas
  12 ball pythons
  4 frilled lizards
  2 kobolds
  2 rats
70 creatures vanquished.

Vanquished Creatures (collateral kills)
  A scorpion (D:4)
  A sleepcap (D:4)
  A hobgoblin (D:2)
3 creatures vanquished.

Grand Total: 73 creatures vanquished

Notes
Turn   | Place    | Note
-------+----------+-------------------------------------------
     0 | D:1      | voltaire321 the Demonspawn Reaver began the quest for the
                  | Orb.
     0 | D:1      | Reached XP level 1. HP: 16/16 MP: 3/3
   184 | D:1      | Gained mutation: A weak demonic guardian rushes to your
                  | aid. [demonic ancestry]
   184 | D:1      | Reached XP level 2. HP: 13/17 MP: 5/5
   894 | D:2      | Reached XP level 3. HP: 21/28 MP: 6/6
  1119 | D:2      | Identified the +2 robe "Feoraqac" {rC- rN+ Archmagi}
  1330 | D:2      | Found a faded altar of an unknown god.
  2017 | D:3      | Found a blossoming altar of Fedhas.
  2070 | D:3      | Found a shimmering altar of Xom.
  2075 | D:3      | Gained mutation: You have a small tail. [demonic ancestry]
  2075 | D:3      | Reached XP level 4. HP: 34/34 MP: 7/7
  2098 | D:3      | Reached XP level 5. HP: 31/40 MP: 7/9
  2270 | D:3      | Found an ancient bone altar of Kikubaaqudgha.
  2278 | D:3      | Reached skill level 1 in Shields
  2351 | D:3      | Reached skill level 1 in Armour
  2661 | D:3      | Learned a level 2 spell: Momentum Strike
  2761 | D:4      | Gained mutation: You are partially covered in sharp spines.
                  | [demonic ancestry]
  2761 | D:4      | Reached XP level 6. HP: 47/47 MP: 10/10
  3042 | D:4      | Reached skill level 4 in Conjurations
  3043 | D:4      | Reached skill level 1 in Translocations
  3045 | D:4      | Slain by a hound

Illustrated notes

Levels and vault maps discovered:
D:1:      dpeg_arrival_signposts, layout_rooms, nicolae_figureground_sparkle
D:2:      minmay_door_path, layout_basic,
          shapermc_ecumenical_altar_mp_ritualfount
D:3:      layout_basic, mainiacjoe_overflow_cross_hatched, fedhas_altar_3,
          led_xom_imps
D:4:      layout_basic, trog_wizard, chequers_serial_rivers_room_b,
          minmay_box_of_dots

Skill      XL: |  1  2  3  4  5  6 |
---------------+-------------------+-----
Dodging        | 2 3 |  3.0
Axes           | 3 |  3.7
Shields        | 1 |  1.7
Fighting       | 3 |  3.3
Armour         | 1 |  1.6
Spellcasting   | 3 |  3.1
Conjurations   | 4 |  4.0
Translocations | 1 |  1.0

Action                     |  1- 3 |  4- 6 || total
---------------------------+-------+-------++-------
  Melee: Hand axe          |    19 |       ||    19
         War axe           |    84 |   108 ||   192
         Punch             |     1 |       ||     1
         Tailslap          |       |    13 ||    13
   Cast: Kiss of Death     |     2 |       ||     2
 Armour: Leather armour    |    72 |    63 ||   135
  Dodge: Dodged            |    66 |    65 ||   131
  Block: Buckler           |     1 |    22 ||    23

Table legend: (Time is in decaauts)
 A = Elapsed time spent in this place.
 B = Non-inter-level travel time spent in this place.
 C = Inter-level travel time spent in this place.
 D = Time resting spent in this place.
 E = Time spent auto-exploring this place.
 F = Levels seen in this place.
 G = Mean time per level.
                   A        B        C        D        E       F      G
               +--------+--------+--------+--------+--------+-----+--------+
         Total |   3117 |   3002 |    115 |    107 |   2123 |   4 |  779.2 |
       Dungeon |   3117 |   3002 |    115 |    107 |   2123 |   4 |  779.2 |
               +--------+--------+--------+--------+--------+-----+--------+

Top non-repeatable levels by time:
     D:2: 1264 daAuts
     D:1: 782 daAuts
     D:3: 729 daAuts
     D:4: 341 daAuts
